| TOP OF THE 1ST |
|
Aberdeen Ironbirds batting - Pitching for Vermont Lake Monsters : RHP Zach Monlux
|
|
Pitching: RHP Zach Monlux
|
|
|
Batting: RHB Kevin Popowicz
|
0-0: Ball 1-0: Swinging Strike 1-1: Fly out, F7 (Line Drive, 78M, EV 88.1 MPH)
|
|
Batting: RHB Maup Gommers
|
0-0: Ball 1-0: Ball 2-0: Fly out, F2 (Popup, 15S, EV 88.8 MPH)
|
|
Batting: LHB Sam Williams
|
0-0: TRIPLE (Line Drive, 78XD, EV 104.4 MPH)
|
|
Batting: RHB Jonathan Mendoza
|
0-0: Called Strike 0-1: Ball 1-1: Swinging Strike 1-2: Ball 2-2: Ball 3-2: Strikes out looking
|
| Top of the 1st over - 0 runs, 1 hit, 0 errors, 1 left on base; Aberdeen 0 - Vermont 0 |
| BOTTOM OF THE 1ST |
|
Vermont Lake Monsters batting - Pitching for Aberdeen Ironbirds : RHP Zhao-jun Zong
|
|
Pitching: RHP Zhao-jun Zong
|
|
|
Batting: RHB Josh Mauer
|
0-0: Ball 1-0: Called Strike 1-1: TRIPLE (Flyball, 9LD, EV 107.5 MPH)
|
|
Batting: RHB Chris Temple
|
0-0: Ball 1-0: Swinging Strike 1-1: Foul Ball, location: 2F 1-2: Foul Ball, location: 2F Balk! Josh Mauer scores 1-2: Ball 2-2: Strikes out swinging
|
|
Batting: LHB Ed Talamantes
|
0-0: Called Strike 0-1: Ball 1-1: Foul Ball, location: 2F 1-2: Ball 2-2: Strikes out swinging
|
|
Batting: RHB Tetsuya Shinoda
|
0-0: Called Strike 0-1: Called Strike 0-2: Ball 1-2: Strikes out swinging, 2-3 out at first.
|
| Bottom of the 1st over - 1 run, 1 hit, 0 errors, 0 left on base; Aberdeen 0 - Vermont 1 |
| TOP OF THE 2ND |
|
Aberdeen Ironbirds batting - Pitching for Vermont Lake Monsters : RHP Zach Monlux
|
|
Batting: LHB Vinny Rivera
|
0-0: Ball 1-0: Ball 2-0: Foul Ball, location: 2F 2-1: Foul Ball, location: 2F 2-2: Ball 3-2: Strikes out swinging
|
|
Batting: RHB Wil Ochoa
|
0-0: Ball 1-0: Called Strike 1-1: Called Strike 1-2: Ball 2-2: Ball 3-2: Base on Balls
|
|
Batting: SHB Chris Wright
|
0-0: Ball 1-0: Called Strike 1-1: Called Strike Wil Ochoa is caught stealing 2nd base 2-6 1-2: DOUBLE (Flyball, 8LXD, EV 97.5 MPH)
|
|
Batting: RHB Carlos Teniente
|
0-0: Ball 1-0: Foul Ball, location: 2F 1-1: Ball 2-1: Ball 3-1: Called Strike 3-2: Strikes out swinging
|
| Top of the 2nd over - 0 runs, 1 hit, 0 errors, 1 left on base; Aberdeen 0 - Vermont 1 |
| BOTTOM OF THE 2ND |
|
Vermont Lake Monsters batting - Pitching for Aberdeen Ironbirds : RHP Zhao-jun Zong
|
|
Batting: RHB Chris Prinzing
|
0-0: Foul Ball, location: 2F 0-1: Ball 1-1: Ball 2-1: Called Strike 2-2: Foul Ball, location: 2F 2-2: Foul Ball, location: 2F 2-2: Strikes out swinging
|
|
Batting: SHB Steve Salafia
|
0-0: Ball 1-0: Called Strike 1-1: Ball 2-1: Foul Ball, location: 2F 2-2: Foul Ball, location: 2F 2-2: Ball 3-2: Strikes out swinging
|
|
Batting: RHB Zachary Anderson
|
0-0: Called Strike 0-1: Ball 1-1: Foul Ball, location: 2F 1-2: Strikes out swinging
|
| Bottom of the 2nd over - 0 runs, 0 hits, 0 errors, 0 left on base; Aberdeen 0 - Vermont 1 |
| TOP OF THE 3RD |
|
Aberdeen Ironbirds batting - Pitching for Vermont Lake Monsters : RHP Zach Monlux
|
|
Batting: RHB Juan Eyrich
|
0-0: DOUBLE (Line Drive, 89D, EV 99.4 MPH)
|
|
Batting: RHB Kevin Popowicz
|
0-0: Swinging Strike 0-1: Ball 1-1: Foul Ball, location: 2F 1-2: Ball 2-2: Foul Ball, location: 2F 2-2: Ball 3-2: SINGLE (Groundball, 6M, EV 105.6 MPH) (infield hit) Juan Eyrich to third
|
|
Batting: RHB Maup Gommers
|
0-0: Called Strike 0-1: Swinging Strike 0-2: Foul Ball, location: 2F 0-2: DOUBLE (Line Drive, 9LM, EV 92.5 MPH) Juan Eyrich scores Kevin Popowicz to third
|
|
Batting: LHB Sam Williams
|
0-0: Fly out, F9 (Flyball, 9, EV 80.0 MPH) Runner from 3rd tags up, SCORES, throw by RF Maup Gommers to third
|
|
Batting: RHB Jonathan Mendoza
|
0-0: Ball 1-0: Ball 2-0: Ball 3-0: Called Strike 3-1: Swinging Strike 3-2: Strikes out looking
|
|
Batting: LHB Vinny Rivera
|
0-0: Ball 1-0: Ball 2-0: Ball 3-0: Called Strike 3-1: Called Strike 3-2: Fly out, F7 (Flyball, 7D, EV 93.1 MPH)
|
| Top of the 3rd over - 2 runs, 3 hits, 0 errors, 1 left on base; Aberdeen 2 - Vermont 1 |
| BOTTOM OF THE 3RD |
|
Vermont Lake Monsters batting - Pitching for Aberdeen Ironbirds : RHP Zhao-jun Zong
|
|
Batting: RHB Jon Coleman
|
0-0: Ball 1-0: Called Strike 1-1: Foul Ball, location: 2F 1-2: Strikes out swinging
|
|
Batting: SHB Eric Tiehen
|
0-0: Called Strike 0-1: Called Strike 0-2: Foul Ball, location: 2F 0-2: Ball 1-2: Foul Ball, location: 2F 1-2: Strikes out swinging
|
|
Batting: RHB Josh Mauer
|
0-0: Called Strike 0-1: Ball 1-1: Swinging Strike 1-2: Ball 2-2: Foul Ball, location: 2F 2-2: Fly out, F9 (Flyball, 89D, EV 109.4 MPH)
|
| Bottom of the 3rd over - 0 runs, 0 hits, 0 errors, 0 left on base; Aberdeen 2 - Vermont 1 |
| TOP OF THE 4TH |
|
Aberdeen Ironbirds batting - Pitching for Vermont Lake Monsters : RHP Zach Monlux
|
|
Batting: RHB Wil Ochoa
|
0-0: SINGLE (Line Drive, 6MD, EV 106.2 MPH)
|
|
Batting: SHB Chris Wright
|
0-0: Ball 1-0: Called Strike 1-1: Fly out, F9 (Flyball, 9D, EV 94.4 MPH)
|
|
Batting: RHB Carlos Teniente
|
0-0: Called Strike Wil Ochoa is caught stealing 2nd base 2-4 0-1: SINGLE (Groundball, P, EV 88.8 MPH) (infield hit)
|
|
Batting: RHB Juan Eyrich
|
0-0: Ground out 4-3 (Groundball, 4, EV 91.2 MPH)
|
| Top of the 4th over - 0 runs, 2 hits, 0 errors, 1 left on base; Aberdeen 2 - Vermont 1 |
| BOTTOM OF THE 4TH |
|
Vermont Lake Monsters batting - Pitching for Aberdeen Ironbirds : RHP Zhao-jun Zong
|
|
Batting: RHB Chris Temple
|
0-0: Called Strike 0-1: Called Strike 0-2: Hit by Pitch
|
|
Batting: LHB Ed Talamantes
|
0-0: Ball 1-0: Fly out, F7 (Flyball, 7LS, EV 76.9 MPH)
|
|
Batting: RHB Tetsuya Shinoda
|
0-0: Called Strike 0-1: Ball 1-1: SINGLE (Groundball, 4MD, EV 103.8 MPH) Chris Temple to second
|
|
Batting: RHB Chris Prinzing
|
0-0: Ball 1-0: Foul Ball, location: 2F 1-1: Swinging Strike 1-2: Foul Ball, location: 2F 1-2: Foul Ball, location: 2F 1-2: Strikes out looking
|
|
Batting: SHB Steve Salafia
|
0-0: Ball 1-0: Foul Ball, location: 2F 1-1: Ball 2-1: Ground out 4-3 (Groundball, 34, EV 98.8 MPH)
|
| Bottom of the 4th over - 0 runs, 1 hit, 0 errors, 2 left on base; Aberdeen 2 - Vermont 1 |
| TOP OF THE 5TH |
|
Aberdeen Ironbirds batting - Pitching for Vermont Lake Monsters : RHP Zach Monlux
|
|
Batting: RHB Kevin Popowicz
|
0-0: Swinging Strike 0-1: Ball 1-1: Ball 2-1: Foul Ball, location: 2F 2-2: Foul Ball, location: 2F 2-2: Ball 3-2: Base on Balls
|
|
Batting: RHB Maup Gommers
|
0-0: Foul Ball, location: 2F 0-1: Ball 1-1: Foul Ball, location: 2F 1-2: Ball 2-2: Ball Wild Pitch! Kevin Popowicz to second 3-2: Ground out 4-3 (Groundball, 4, EV 98.8 MPH) Kevin Popowicz to third
|
|
Batting: LHB Sam Williams
|
0-0: Called Strike 0-1: Ball 1-1: Called Strike 1-2: Foul Ball, location: 2F 1-2: Foul Ball, location: 2F 1-2: DOUBLE (Line Drive, 3D, EV 98.8 MPH) Kevin Popowicz scores
|
|
Batting: RHB Jonathan Mendoza
|
0-0: Called Strike 0-1: Ball 1-1: Foul Ball, location: 2F 1-2: Strikes out swinging
|
|
Batting: LHB Vinny Rivera
|
0-0: Ball 1-0: Ball 2-0: Called Strike 2-1: Ball 3-1: Swinging Strike 3-2: DOUBLE (Groundball, 5L, EV 106.9 MPH) Sam Williams scores
|
|
Batting: RHB Wil Ochoa
|
Balk! Vinny Rivera to third 0-0: Called Strike 0-1: Ground out 6-3 (Groundball, 6, EV 81.9 MPH)
|
| Top of the 5th over - 2 runs, 2 hits, 0 errors, 1 left on base; Aberdeen 4 - Vermont 1 |
| BOTTOM OF THE 5TH |
|
Vermont Lake Monsters batting - Pitching for Aberdeen Ironbirds : RHP Zhao-jun Zong
|
|
Batting: RHB Zachary Anderson
|
0-0: Ground out 4-3 (Groundball, 4, EV 93.8 MPH)
|
|
Batting: RHB Jon Coleman
|
0-0: Fly out, F7 (Flyball, 7, EV 86.9 MPH)
|
|
Batting: SHB Eric Tiehen
|
0-0: Ball 1-0: Ball 2-0: Ground out 3-1 (Groundball, 34, EV 85.0 MPH)
|
| Bottom of the 5th over - 0 runs, 0 hits, 0 errors, 0 left on base; Aberdeen 4 - Vermont 1 |
| TOP OF THE 6TH |
|
Aberdeen Ironbirds batting - Pitching for Vermont Lake Monsters : RHP Zach Monlux
|
|
Batting: SHB Chris Wright
|
0-0: Called Strike 0-1: Swinging Strike 0-2: Foul Ball, location: 2F 0-2: Ball 1-2: Foul Ball, location: 2F 1-2: Strikes out swinging
|
|
Pitching: RHP Igoryok Wolgaevsky
|
|
|
Batting: RHB Carlos Teniente
|
0-0: Ball 1-0: Swinging Strike 1-1: Ball 2-1: Foul Ball, location: 2F 2-2: Strikes out looking
|
|
Batting: RHB Juan Eyrich
|
0-0: Foul Ball, location: 2F 0-1: Ball 1-1: Ground out 4-3 (Groundball, 34, EV 88.1 MPH)
|
| Top of the 6th over - 0 runs, 0 hits, 0 errors, 0 left on base; Aberdeen 4 - Vermont 1 |
| BOTTOM OF THE 6TH |
|
Vermont Lake Monsters batting - Pitching for Aberdeen Ironbirds : RHP Zhao-jun Zong
|
|
Pitching: RHP Justin Swanson
|
|
|
Batting: RHB Josh Mauer
|
0-0: Called Strike 0-1: SINGLE (Groundball, 56D, EV 95.6 MPH)
|
|
Batting: RHB Chris Temple
|
0-0: Ball Josh Mauer steals 2nd base 1-0: Swinging Strike 1-1: Foul Ball, location: 2F 1-2: SINGLE (Groundball, 34D, EV 100.6 MPH) Josh Mauer to third Runner from 3rd tries for Home, SAFE, throw by RF to home
|
|
Batting: LHB Ed Talamantes
|
0-0: Called Strike 0-1: Ball 1-1: Ball 2-1: Foul Ball, location: 2F 2-2: Ball 3-2: Fly out, F8 (Line Drive, 8LD, EV 95.0 MPH)
|
|
Batting: RHB Tetsuya Shinoda
|
0-0: Called Strike 0-1: Foul Ball, location: 2F 0-2: Ball 1-2: Ball 2-2: Ground out 5-3 (Groundball, 56S, EV 72.5 MPH) Chris Temple to second
|
|
Batting: RHB Chris Prinzing
|
0-0: Ground out 5-3 (Groundball, 56S, EV 75.6 MPH)
|
| Bottom of the 6th over - 1 run, 2 hits, 0 errors, 1 left on base; Aberdeen 4 - Vermont 2 |
| TOP OF THE 7TH |
|
Aberdeen Ironbirds batting - Pitching for Vermont Lake Monsters : RHP Igoryok Wolgaevsky
|
|
Batting: RHB Kevin Popowicz
|
0-0: Ball 1-0: Called Strike 1-1: Swinging Strike 1-2: SINGLE (Flyball, 56D, EV 82.5 MPH)
|
|
Batting: RHB Maup Gommers
|
0-0: Ball 1-0: Ball 2-0: Called Strike 2-1: SINGLE (Flyball, 4D, EV 85.0 MPH) Kevin Popowicz to second
|
|
Batting: LHB Sam Williams
|
0-0: Swinging Strike 0-1: Called Strike 0-2: Foul Ball, location: 2F 0-2: Strikes out swinging
|
|
Batting: RHB Jonathan Mendoza
|
0-0: Foul Ball, location: 2F 0-1: 3-RUN HOME RUN (Flyball, 7D, EV 98.8 MPH), Distance : 374 ft
|
|
Batting: LHB Vinny Rivera
|
0-0: Ball 1-0: Foul Ball, location: 2F 1-1: Ground out U3 (Groundball, 3L, EV 86.9 MPH)
|
|
Batting: RHB Wil Ochoa
|
0-0: Foul Ball, location: 2F 0-1: Ball 1-1: Fly out, F8 (Flyball, 78M, EV 96.9 MPH)
|
| Top of the 7th over - 3 runs, 3 hits, 0 errors, 0 left on base; Aberdeen 7 - Vermont 2 |
| BOTTOM OF THE 7TH |
|
Vermont Lake Monsters batting - Pitching for Aberdeen Ironbirds : RHP Justin Swanson
|
|
Batting: SHB Steve Salafia
|
0-0: Ball 1-0: Foul Ball, location: 2F 1-1: Called Strike 1-2: Ball 2-2: DOUBLE (Line Drive, 5D, EV 101.9 MPH)
|
|
Batting: RHB Zachary Anderson
|
0-0: Ball 1-0: Ball 2-0: Called Strike 2-1: Foul Ball, location: 2F 2-2: Fly out, F8 (Flyball, 8RXD, EV 100.6 MPH) Runner from 2nd tags up, SAFE at 3rd, no throw by CF
|
|
Batting: RHB Jon Coleman
|
0-0: Ground out 6-3 (Groundball, 6, EV 78.1 MPH) Steve Salafia scores
|
|
Batting: SHB Eric Tiehen
|
0-0: Ball 1-0: Foul Ball, location: 2F 1-1: Ball 2-1: Foul Ball, location: 2F 2-2: Strikes out looking
|
| Bottom of the 7th over - 1 run, 1 hit, 0 errors, 0 left on base; Aberdeen 7 - Vermont 3 |
| TOP OF THE 8TH |
|
Aberdeen Ironbirds batting - Pitching for Vermont Lake Monsters : RHP Igoryok Wolgaevsky
|
|
Pitching: LHP Steve Lima
|
|
|
Batting: SHB Chris Wright
|
0-0: Foul Ball, location: 2F 0-1: Ball 1-1: Ground out 5-3 (Groundball, 56S, EV 86.2 MPH)
|
|
Batting: RHB Carlos Teniente
|
0-0: Ball 1-0: Called Strike 1-1: Ball 2-1: Foul Ball, location: 2F 2-2: Ball 3-2: Fly out, F9 (Flyball, 9LS, EV 93.8 MPH)
|
|
Batting: RHB Juan Eyrich
|
0-0: Ball 1-0: Ball 2-0: Swinging Strike 2-1: Ground out 4-3 (Groundball, 4S, EV 91.9 MPH)
|
| Top of the 8th over - 0 runs, 0 hits, 0 errors, 0 left on base; Aberdeen 7 - Vermont 3 |
| BOTTOM OF THE 8TH |
|
Vermont Lake Monsters batting - Pitching for Aberdeen Ironbirds : RHP Justin Swanson
|
|
Batting: RHB Josh Mauer
|
0-0: Called Strike 0-1: Ball 1-1: Ball 2-1: Ground out 5-3 (Groundball, 56S, EV 78.8 MPH)
|
|
Batting: RHB Chris Temple
|
0-0: Ball 1-0: Called Strike 1-1: Ball 2-1: Foul Ball, location: 2F 2-2: Fly out, F9 (Flyball, 9S, EV 88.8 MPH)
|
|
Pitching: RHP Nick Hodge
|
|
|
Batting: LHB Ed Talamantes
|
0-0: Ball 1-0: Foul Ball, location: 2F 1-1: Ball 2-1: Ball 3-1: Base on Balls
|
|
Batting: RHB Tetsuya Shinoda
|
0-0: Ball 1-0: Ball 2-0: Ball 3-0: Called Strike 3-1: Called Strike 3-2: Fly out, F4 (Flyball, 34D, EV 88.8 MPH)
|
| Bottom of the 8th over - 0 runs, 0 hits, 0 errors, 1 left on base; Aberdeen 7 - Vermont 3 |
| TOP OF THE 9TH |
|
Aberdeen Ironbirds batting - Pitching for Vermont Lake Monsters : LHP Steve Lima
|
|
Batting: RHB Kevin Popowicz
|
0-0: Ball 1-0: Ball 2-0: Ball 3-0: Called Strike 3-1: Called Strike 3-2: Foul Ball, location: 2F 3-2: Ground out 5-3 (Groundball, 56S, EV 86.9 MPH)
|
|
Batting: RHB Maup Gommers
|
0-0: Foul Ball, location: 2F 0-1: Foul Ball, location: 2F 0-2: Strikes out swinging
|
|
Batting: LHB Sam Williams
|
0-0: Swinging Strike 0-1: Foul Ball, location: 2F 0-2: Ball 1-2: Fly out, F4 (Line Drive, 4, EV 63.8 MPH)
|
| Top of the 9th over - 0 runs, 0 hits, 0 errors, 0 left on base; Aberdeen 7 - Vermont 3 |
| BOTTOM OF THE 9TH |
|
Vermont Lake Monsters batting - Pitching for Aberdeen Ironbirds : RHP Nick Hodge
|
|
Now in RF: Jeremy Nuzzo
|
|
|
Batting: RHB Chris Prinzing
|
0-0: Ball 1-0: Swinging Strike 1-1: Called Strike 1-2: Strikes out swinging
|
|
Batting: SHB Steve Salafia
|
0-0: Ball 1-0: Swinging Strike 1-1: Called Strike 1-2: Ground out 1-3 (Groundball, 15S, EV 68.1 MPH)
|
|
Batting: RHB Zachary Anderson
|
0-0: Called Strike 0-1: Foul Ball, location: 2F 0-2: Ground out 4-3 (Groundball, 34, EV 90.0 MPH)
|
| Bottom of the 9th over - 0 runs, 0 hits, 0 errors, 0 left on base; Aberdeen 7 - Vermont 3 |
|